APP
OGDEN RAPTORS @ BRISTOL PIRATES
09/07/2044
 
TOP OF THE 1ST
Ogden Raptors batting - Pitching for Bristol Pirates : LHP Grady Hebert
Pitching: LHP Grady Hebert
Batting: SHB Darius Vinson 0-0: Ball
1-0: Ball
2-0: Foul Ball, location: 2F
2-1: Ball
3-1: Foul Ball, location: 2F
3-2: Strikes out swinging
Batting: LHB Santiago Chavira 0-0: Ball
1-0: Ball
2-0: Ball
3-0: Ground out U3 (Groundball, 3L, EV 91.3 MPH)
Batting: RHB Junro Kato 0-0: Ball
1-0: Called Strike
1-1: Foul Ball, location: 2F
1-2: Strikes out swinging
Top of the 1st over - 0 runs, 0 hits, 0 errors, 0 left on base; Ogden 0 - Bristol 0
BOTTOM OF THE 1ST
Bristol Pirates batting - Pitching for Ogden Raptors : RHP Cory Fischer
Pitching: RHP Cory Fischer
Batting: RHB Perry Dominey 0-0: Ball
1-0: Ball
2-0: Ball
3-0: Base on Balls
Batting: RHB Randy Bergman 0-0: Ball
Perry Dominey steals 2nd, throwing error, E2
Perry Dominey to third
1-0: Ball
2-0: Called Strike
2-1: Swinging Strike
2-2: Foul Ball, location: 2F
2-2: Foul Ball, location: 2F
2-2: Ball
3-2: Base on Balls
Batting: LHB Randy Boone 0-0: Ball
1-0: Ball
2-0: Ball
3-0: Base on Balls
Randy Bergman to second
Batting: RHB Etsuro Hosokawa 0-0: Fly out, F7 (Flyball, 7, EV 85.6 MPH)
Runner from 3rd tags up, SCORES, no throw by LF
Batting: LHB Tomohiro Yokoyama 0-0: Ball
Wild Pitch!
Randy Bergman to third
Randy Boone to second
1-0: Ball
2-0: Ball
3-0: Called Strike
3-1: Base on Balls
Pitching: RHP Ian Wilson
Batting: RHB Jaime Dubicki 0-0: Ball
1-0: Foul Ball, location: 2F
1-1: Ball
2-1: SINGLE (Line Drive, 8LS, EV 99.4 MPH)
Randy Bergman scores
Randy Boone to third
Tomohiro Yokoyama to second
Batting: LHB Ruben Garza 0-0: Called Strike
0-1: Fielders Choice at 2nd, 4-6 (Groundball, 4, EV 83.1 MPH)
Randy Boone scores
Tomohiro Yokoyama to third
Batting: RHB Andrew DeRicco 0-0: Ball
1-0: Fielders Choice at 2nd, 6-4 (Groundball, 6, EV 79.4 MPH)
Bottom of the 1st over - 3 runs, 1 hit, 1 error, 2 left on base; Ogden 0 - Bristol 3
TOP OF THE 2ND
Ogden Raptors batting - Pitching for Bristol Pirates : LHP Grady Hebert
Batting: LHB Mitchell Casey 0-0: Ball
1-0: Called Strike
1-1: Ball
2-1: Foul Ball, location: 2F
2-2: Strikes out swinging
Batting: LHB Mike Dickinson 0-0: Foul Ball, location: 2F
0-1: Called Strike
0-2: Foul Ball, location: 2F
0-2: Strikes out swinging
Batting: RHB Gary Ming 0-0: Ball
1-0: Ball
2-0: Swinging Strike
2-1: Foul Ball, location: 2F
2-2: Ball
3-2: Strikes out looking
Top of the 2nd over - 0 runs, 0 hits, 0 errors, 0 left on base; Ogden 0 - Bristol 3
BOTTOM OF THE 2ND
Bristol Pirates batting - Pitching for Ogden Raptors : RHP Ian Wilson
Batting: RHB Rob Colley 0-0: Ball
1-0: Ball
2-0: Called Strike
2-1: SOLO HOME RUN (Flyball, 7LD, EV 95.6 MPH), Distance : 338 ft
Batting: RHB Perry Dominey 0-0: SINGLE (Groundball, 5S, EV 63.1 MPH) (infield hit)
Batting: RHB Randy Bergman 0-0: Reached on error, E1 (Groundball, 15S, EV 58.8 MPH)
Perry Dominey to second
Batting: LHB Randy Boone 0-0: SINGLE (Line Drive, 78M, EV 99.4 MPH)
Perry Dominey to third
Randy Bergman to second
Batting: RHB Etsuro Hosokawa 0-0: Ball
1-0: Swinging Strike
1-1: SINGLE (Flyball, 6MD, EV 86.3 MPH)
Perry Dominey scores
Randy Bergman to third
Randy Boone to second
Pitching: RHP Charles Durand
Batting: LHB Tomohiro Yokoyama 0-0: Called Strike
0-1: Swinging Strike
0-2: Ball
1-2: Ball
2-2: Fielders Choice at 2nd, 4-6 (Groundball, 4, EV 88.1 MPH)
Randy Bergman scores
Randy Boone to third
Batting: RHB Jaime Dubicki 0-0: Ball
1-0: Ball
2-0: Ball
3-0: Called Strike
3-1: Base on Balls
Tomohiro Yokoyama to second
Batting: LHB Ruben Garza 0-0: Ball
1-0: Ball
2-0: Ball
3-0: Called Strike
3-1: Base on Balls
Randy Boone scores
Tomohiro Yokoyama to third
Jaime Dubicki to second
Batting: RHB Andrew DeRicco 0-0: Ball
1-0: Called Strike
1-1: Called Strike
1-2: Foul Ball, location: 2F
1-2: Strikes out swinging
Pitching: RHP Ramon Luna
Batting: RHB Rob Colley 0-0: Foul Ball, location: 2F
0-1: SINGLE (Flyball, 89S, EV 89.4 MPH)
Tomohiro Yokoyama scores
Jaime Dubicki to third
Ruben Garza to second
Runner from 3rd tries for Home, SAFE, throw by RF to home
Batting: RHB Perry Dominey 0-0: Ball
1-0: Fly out, F8 (Flyball, 8RXD, EV 104.4 MPH)
Bottom of the 2nd over - 6 runs, 5 hits, 1 error, 2 left on base; Ogden 0 - Bristol 9
TOP OF THE 3RD
Ogden Raptors batting - Pitching for Bristol Pirates : LHP Grady Hebert
Batting: RHB Kevin Ezell 0-0: Called Strike
0-1: Ball
1-1: Fly out, F9 (Flyball, 9, EV 82.5 MPH)
Batting: RHB Charles Blatchford 0-0: Ball
1-0: Ball
2-0: Called Strike
2-1: Swinging Strike
2-2: DOUBLE (Line Drive, 9LM, EV 110.6 MPH)
Batting: SHB Josh Vaill 0-0: Swinging Strike
0-1: Ball
1-1: Swinging Strike
1-2: Strikes out looking
Batting: SHB Darius Vinson 0-0: Ground out 6-3 (Groundball, 6, EV 86.3 MPH)
Top of the 3rd over - 0 runs, 1 hit, 0 errors, 1 left on base; Ogden 0 - Bristol 9
BOTTOM OF THE 3RD
Bristol Pirates batting - Pitching for Ogden Raptors : RHP Ramon Luna
Batting: RHB Randy Bergman 0-0: Ball
1-0: Ball
2-0: Ball
3-0: Base on Balls
Batting: LHB Randy Boone 0-0: Ball
1-0: Ball
2-0: Ball
3-0: Called Strike
3-1: Called Strike
3-2: Base on Balls
Randy Bergman to second
Batting: RHB Etsuro Hosokawa 0-0: Called Strike
0-1: Ball
1-1: Swinging Strike
1-2: Ball
2-2: Ball
3-2: Foul Ball, location: 2F
3-2: Base on Balls
Randy Bergman to third
Randy Boone to second
Pitching: RHP Justin Donovan
Batting: LHB Tomohiro Yokoyama 0-0: Ball
1-0: Called Strike
1-1: Ball
2-1: Foul Ball, location: 2F
2-2: Ball
3-2: DOUBLE (Flyball, 8LXD, EV 107.5 MPH)
Randy Bergman scores
Randy Boone scores
Etsuro Hosokawa to third
Batting: RHB Jaime Dubicki 0-0: Ball
1-0: Called Strike
1-1: Swinging Strike
1-2: Ball
2-2: Ball
3-2: Base on Balls
Batting: LHB Ruben Garza Balk!
Etsuro Hosokawa scores
Tomohiro Yokoyama to third
Jaime Dubicki to second
0-0: 3-RUN HOME RUN (Flyball, 89XD, EV 101.9 MPH), Distance : 385 ft
Batting: RHB Andrew DeRicco 0-0: Called Strike
0-1: Ball
1-1: SINGLE (Line Drive, 9LS, EV 106.9 MPH)
Batting: RHB Rob Colley 0-0: Ball
1-0: Ball
Wild Pitch!
Andrew DeRicco to second
2-0: Foul Ball, location: 2F
2-1: Ball
3-1: Swinging Strike
3-2: SINGLE (Groundball, 6MD, EV 103.1 MPH)
Andrew DeRicco to third
Pitching: RHP Victor Delgado
Batting: RHB Perry Dominey 0-0: Called Strike
0-1: Ball
1-1: Foul Ball, location: 2F
1-2: Ball
2-2: Strikes out looking
Batting: RHB Randy Bergman 0-0: Called Strike
0-1: Called Strike
0-2: Strikes out swinging
Batting: LHB Randy Boone 0-0: Foul Ball, location: 2F
0-1: SINGLE (Line Drive, 7S, EV 111.3 MPH)
Andrew DeRicco scores
Rob Colley to second
Batting: RHB Etsuro Hosokawa 0-0: Foul Ball, location: 2F
0-1: Ball
1-1: Fly out, F7 (Flyball, 7D, EV 102.5 MPH)
Bottom of the 3rd over - 7 runs, 5 hits, 0 errors, 2 left on base; Ogden 0 - Bristol 16
TOP OF THE 4TH
Ogden Raptors batting - Pitching for Bristol Pirates : LHP Grady Hebert
Batting: LHB Santiago Chavira 0-0: Ball
1-0: Foul Ball, location: 2F
1-1: Ball
2-1: Ground out 4-3 (Groundball, 4, EV 105.0 MPH)
Batting: RHB Junro Kato 0-0: Ball
1-0: Ball
2-0: Foul Ball, location: 2F
2-1: Fly out, F9 (Flyball, 9, EV 74.4 MPH)
Batting: LHB Mitchell Casey 0-0: Called Strike
0-1: SINGLE (Groundball, 4D, EV 98.8 MPH)
Batting: LHB Mike Dickinson 0-0: Swinging Strike
0-1: Ball
1-1: Foul Ball, location: 2F
1-2: Ball
2-2: Ball
3-2: Strikes out looking
Top of the 4th over - 0 runs, 1 hit, 0 errors, 1 left on base; Ogden 0 - Bristol 16
BOTTOM OF THE 4TH
Bristol Pirates batting - Pitching for Ogden Raptors : RHP Victor Delgado
Batting: LHB Tomohiro Yokoyama 0-0: Ball
1-0: Ball
2-0: Ball
3-0: Called Strike
3-1: Base on Balls
Pitching: RHP Matt Alderson
Batting: RHB Jaime Dubicki 0-0: Ball
1-0: Ball
2-0: Ball
3-0: Called Strike
3-1: Foul Ball, location: 2F
3-2: Base on Balls
Tomohiro Yokoyama to second
Batting: LHB Ruben Garza 0-0: Called Strike
0-1: Ball
1-1: Ball
2-1: Called Strike
2-2: Foul Ball, location: 2F
2-2: Ball
3-2: Foul Ball, location: 2F
3-2: Foul Ball, location: 2F
3-2: DOUBLE (Groundball, 3L, EV 107.5 MPH)
Tomohiro Yokoyama scores
Jaime Dubicki to third
Batting: RHB Andrew DeRicco 0-0: Swinging Strike
0-1: Called Strike
0-2: Ball
Wild Pitch!
Jaime Dubicki scores
Ruben Garza to third
1-2: SINGLE (Line Drive, 9S, EV 96.3 MPH)
Ruben Garza scores
Pitching: LHP Tore Bosch
Batting: RHB Rob Colley 0-0: Swinging Strike
0-1: Ball
1-1: Swinging Strike
1-2: Strikes out swinging
Batting: RHB Perry Dominey 0-0: Swinging Strike
0-1: SINGLE (Groundball, 34D, EV 105.0 MPH)
Andrew DeRicco to second
Batting: RHB Randy Bergman 0-0: Foul Ball, location: 2F
0-1: Ball
1-1: Ball
2-1: Ball
3-1: SINGLE (Groundball, 56D, EV 105.6 MPH)
Andrew DeRicco to third
Perry Dominey to second
Runner from 3rd tries for Home, SAFE, throw by LF to home
Batting: LHB Randy Boone 0-0: Ball
1-0: Ball
2-0: Foul Ball, location: 2F
Balk!
Perry Dominey to third
Randy Bergman to second
2-1: Called Strike
2-2: Ball
3-2: Base on Balls
Batting: RHB Etsuro Hosokawa 0-0: Foul Ball, location: 2F
0-1: Ball
1-1: Ball
2-1: Ball
3-1: Called Strike
3-2: Grounds into double play, 5-4-3 (Groundball, 56S, EV 84.4 MPH)
Bottom of the 4th over - 4 runs, 4 hits, 0 errors, 2 left on base; Ogden 0 - Bristol 20
TOP OF THE 5TH
Ogden Raptors batting - Pitching for Bristol Pirates : LHP Grady Hebert
Batting: RHB Gary Ming 0-0: Foul Ball, location: 2F
0-1: SINGLE (Line Drive, 34, EV 95.6 MPH)
Batting: RHB Kevin Ezell 0-0: Ball
1-0: SINGLE (Line Drive, 4D, EV 97.5 MPH)
Gary Ming to second
Batting: RHB Charles Blatchford 0-0: Called Strike
0-1: Foul Ball, location: 2F
0-2: Strikes out swinging
Batting: SHB Josh Vaill 0-0: Called Strike
0-1: Swinging Strike
0-2: Fly out, F8 (Flyball, 8LD, EV 106.9 MPH)
Batting: SHB Darius Vinson 0-0: Swinging Strike
0-1: Swinging Strike
0-2: Ball
1-2: Hit by Pitch
Gary Ming to third
Kevin Ezell to second
Batting: LHB Santiago Chavira 0-0: Foul Ball, location: 2F
0-1: Foul Ball, location: 2F
0-2: Ball
1-2: Strikes out swinging
Top of the 5th over - 0 runs, 2 hits, 0 errors, 3 left on base; Ogden 0 - Bristol 20
BOTTOM OF THE 5TH
Bristol Pirates batting - Pitching for Ogden Raptors : LHP Tore Bosch
Pitching: RHP Luis Hinostroza
Batting: LHB Tomohiro Yokoyama 0-0: Ball
1-0: Called Strike
1-1: Called Strike
1-2: Ball
2-2: Ball
3-2: DOUBLE (Flyball, 8LXD, EV 96.3 MPH)
Batting: RHB Jaime Dubicki 0-0: Ground out 4-3 (Groundball, 4M, EV 81.9 MPH)
Tomohiro Yokoyama to third
Batting: LHB Ruben Garza 0-0: Hit by Pitch
Batting: RHB Andrew DeRicco 0-0: Called Strike
0-1: Ball
1-1: Ball
2-1: Called Strike
2-2: Ball
3-2: Strikes out swinging
Batting: RHB Rob Colley 0-0: Ball
1-0: Called Strike
1-1: Swinging Strike
1-2: Ball
2-2: Fly out, F8 (Flyball, 8LS, EV 91.3 MPH)
Bottom of the 5th over - 0 runs, 1 hit, 0 errors, 2 left on base; Ogden 0 - Bristol 20
TOP OF THE 6TH
Ogden Raptors batting - Pitching for Bristol Pirates : LHP Grady Hebert
Batting: RHB Junro Kato 0-0: Ball
1-0: Ball
2-0: Called Strike
2-1: Foul Ball, location: 2F
2-2: Ball
3-2: Strikes out swinging
Batting: LHB Mitchell Casey 0-0: Ball
1-0: Ball
2-0: Ball
3-0: Base on Balls
Batting: LHB Mike Dickinson 0-0: Called Strike
0-1: Ball
1-1: Foul Ball, location: 2F
1-2: Strikes out looking
Batting: RHB Gary Ming 0-0: Ball
1-0: Called Strike
1-1: Ball
2-1: Swinging Strike
2-2: Ball
3-2: Base on Balls
Mitchell Casey to second
Batting: RHB Kevin Ezell 0-0: Fielders Choice at 2nd, 6-4 (Groundball, 6, EV 89.4 MPH)
Top of the 6th over - 0 runs, 0 hits, 0 errors, 2 left on base; Ogden 0 - Bristol 20
BOTTOM OF THE 6TH
Bristol Pirates batting - Pitching for Ogden Raptors : RHP Luis Hinostroza
Pitching: RHP Bob Magana
Batting: RHB Perry Dominey 0-0: Ball
1-0: Foul Ball, location: 2F
1-1: Ball
2-1: Ground out U3 (Groundball, 34S, EV 79.4 MPH)
Batting: RHB Randy Bergman 0-0: Ball
1-0: Ball
2-0: Ball
3-0: Called Strike
3-1: Called Strike
3-2: Foul Ball, location: 2F
3-2: Foul Ball, location: 2F
3-2: Foul Ball, location: 2F
3-2: Fly out, F3 (Popup, 3D, EV 70.6 MPH)
Batting: LHB Randy Boone 0-0: Ball
1-0: Foul Ball, location: 2F
1-1: Ball
2-1: Swinging Strike
2-2: Ball
3-2: Foul Ball, location: 2F
3-2: Fly out, F8 (Flyball, 78D, EV 106.3 MPH)
Bottom of the 6th over - 0 runs, 0 hits, 0 errors, 0 left on base; Ogden 0 - Bristol 20
TOP OF THE 7TH
Ogden Raptors batting - Pitching for Bristol Pirates : LHP Grady Hebert
Batting: RHB Charles Blatchford 0-0: Called Strike
0-1: Ball
1-1: Foul Ball, location: 2F
1-2: Foul Ball, location: 2F
1-2: Strikes out looking
Batting: SHB Josh Vaill 0-0: Swinging Strike
0-1: Fly out, F8 (Line Drive, 8LM, EV 93.8 MPH)
Batting: SHB Darius Vinson 0-0: Ball
1-0: Swinging Strike
1-1: Foul Ball, location: 2F
1-2: Strikes out swinging
Top of the 7th over - 0 runs, 0 hits, 0 errors, 0 left on base; Ogden 0 - Bristol 20
BOTTOM OF THE 7TH
Bristol Pirates batting - Pitching for Ogden Raptors : RHP Bob Magana
Batting: RHB Etsuro Hosokawa 0-0: Ball
1-0: Ball
2-0: Ball
3-0: Base on Balls
Batting: LHB Tomohiro Yokoyama 0-0: Called Strike
0-1: Called Strike
0-2: Ball
1-2: Ball
2-2: Ball
3-2: Base on Balls
Etsuro Hosokawa to second
Batting: RHB Jaime Dubicki 0-0: Ball
1-0: Fielders Choice at 2nd, 6-4 (Groundball, 6, EV 103.1 MPH)
Etsuro Hosokawa to third
Batting: LHB Ruben Garza 0-0: Ball
1-0: Ball
2-0: Ball
3-0: Base on Balls
Jaime Dubicki to second
Batting: RHB Andrew DeRicco 0-0: Ball
1-0: Ball
2-0: Ball
3-0: Called Strike
3-1: Base on Balls
Etsuro Hosokawa scores
Jaime Dubicki to third
Ruben Garza to second
Batting: RHB Rob Colley 0-0: Ball
1-0: Called Strike
1-1: Reached on error, E6 (Groundball, 6, EV 108.8 MPH)
Jaime Dubicki scores
Ruben Garza to third
Andrew DeRicco to second
Batting: RHB Perry Dominey 0-0: Fly out, F9 (Flyball, 89S, EV 85.6 MPH)
Batting: RHB Randy Bergman 0-0: Ball
1-0: Ball
2-0: Ball
3-0: Called Strike
3-1: Base on Balls
Ruben Garza scores
Andrew DeRicco to third
Rob Colley to second
Batting: LHB Randy Boone 0-0: Fly out, F6 (Popup, 6MD, EV 52.5 MPH)
Bottom of the 7th over - 3 runs, 0 hits, 1 error, 3 left on base; Ogden 0 - Bristol 23
TOP OF THE 8TH
Ogden Raptors batting - Pitching for Bristol Pirates : LHP Grady Hebert
Pitching: LHP Phil DeCamp
Batting: LHB Santiago Chavira 0-0: Called Strike
0-1: Ball
1-1: Foul Ball, location: 2F
1-2: Fly out, F7 (Flyball, 7LS, EV 89.4 MPH)
Batting: RHB Junro Kato 0-0: Ball
1-0: Ball
2-0: Called Strike
2-1: Fly out, F9 (Flyball, 89M, EV 95.6 MPH)
Batting: LHB Mitchell Casey 0-0: Called Strike
0-1: Ball
1-1: Foul Ball, location: 2F
1-2: Strikes out swinging
Top of the 8th over - 0 runs, 0 hits, 0 errors, 0 left on base; Ogden 0 - Bristol 23
BOTTOM OF THE 8TH
Bristol Pirates batting - Pitching for Ogden Raptors : RHP Bob Magana
Batting: RHB Etsuro Hosokawa 0-0: Ball
1-0: Ball
2-0: Foul Ball, location: 2F
2-1: Ball
3-1: Base on Balls
Batting: LHB Tomohiro Yokoyama 0-0: Called Strike
0-1: Ball
1-1: Grounds into double play, 6-4-3 (Groundball, 6MS, EV 85.0 MPH)
Batting: RHB Jaime Dubicki 0-0: Ball
1-0: Ball
2-0: Ball
3-0: Called Strike
3-1: Foul Ball, location: 2F
3-2: Base on Balls
Batting: LHB Ruben Garza 0-0: Ball
1-0: Ball
Wild Pitch!
Jaime Dubicki to second
2-0: Ball
3-0: Foul Ball, location: 2F
3-1: Base on Balls
Batting: RHB Andrew DeRicco 0-0: DOUBLE (Flyball, 78XD, EV 108.8 MPH)
Jaime Dubicki scores
Ruben Garza to third
Runner from 3rd tries for Home, SAFE, no throw by CF
Batting: RHB Rob Colley 0-0: Ball
1-0: Ball
2-0: Ball
3-0: Called Strike
3-1: Called Strike
3-2: Ground out 5-3 (Groundball, 5L, EV 106.9 MPH)
Bottom of the 8th over - 2 runs, 1 hit, 0 errors, 1 left on base; Ogden 0 - Bristol 25
TOP OF THE 9TH
Ogden Raptors batting - Pitching for Bristol Pirates : LHP Phil DeCamp
Batting: LHB Mike Dickinson 0-0: Called Strike
0-1: Foul Ball, location: 2F
0-2: Strikes out looking
Batting: RHB Gary Ming 0-0: Ball
1-0: Fly out, F9 (Flyball, 89XD, EV 90.6 MPH)
Batting: RHB Kevin Ezell 0-0: Called Strike
0-1: Called Strike
0-2: Foul Ball, location: 2F
0-2: Strikes out looking
Top of the 9th over - 0 runs, 0 hits, 0 errors, 0 left on base; Ogden 0 - Bristol 25
Thursday, March 31st , 2022 - OOTP Baseball 22.12 Build 89